 Dungeon Crawl Stone Soup version 0.19.5 (webtiles) character file.

516 JeffiDaFish the Firebug (level 7, -4/51 HPs)
             Began as a Yellow Draconian Fire Elementalist on May 6, 2017.
             Blown up by Pikel (22 damage)
             ... with a wand of disintegration
             ... on level 4 of the Dungeon.
             The game lasted 00:17:34 (3703 turns).

JeffiDaFish the Firebug (DrFE)                      Turns: 3703, Time: 00:17:35

Health: -4/51      AC: 10    Str: 10    XL:     7   Next: 0%
Magic:  11/11      EV: 12    Int: 15    God:
Gold:   229        SH:  4    Dex: 14    Spells: 5 memorised, 3 levels left

rFire  . . .     SeeInvis .     t - +0 flail
rCold  . . .     Gourm    .     (armour unavailable)
rNeg   . . .     Faith    .     o - +0 buckler
rPois  .         Spirit   .     (helmet restricted)
rElec  .         Reflect  .     p - +1 cloak {+Inv}
rCorr  +         Harm     .     f - +0 pair of gloves
MR     +....                    d - +0 pair of boots
Stlth  ++........               (no amulet)
                                j - +4 ring of slaying
                                c - ring of protection from magic

@: no status effects
A: spit acid, acid resistance, unfitting armour, mutation resistance 1,
cold-blooded, AC +6
a: Spit Acid, Evoke Invisibility


You were on level 4 of the Dungeon.
You were not hungry.

You visited 1 branch of the dungeon, and saw 4 of its levels.

You collected 229 gold pieces.

Inventory:

Hand Weapons
 t - a +0 flail (weapon)
Armour
 d - a +0 pair of boots (worn)
 f - a +0 pair of gloves (worn)
 o - a +0 buckler (worn)
 p - a +1 cloak of invisibility (worn)
Jewellery
 c - a ring of protection from magic (left hand)
 j - a +4 ring of slaying (right hand)
 q - an uncursed ring of wizardry {unknown}
 r - an uncursed ring of protection from fire {unknown}
 s - a +2 ring of evasion {unknown}
Scrolls
 e - 4 scrolls of magic mapping
 m - a scroll of teleportation
Potions
 h - a potion of cure mutation
Books
 a - a book of Flames

   Spells                             Type                      Level
   a - Flame Tongue                   Conjuration/Fire             1
   b - Throw Flame                    Conjuration/Fire             2
   c - Conjure Flame                  Conjuration/Fire             3
   d - Inner Flame                    Hexes/Fire                   3
   e - Sticky Flame                   Conjuration/Fire             4
   f - Fireball                       Conjuration/Fire             5
 n - a book of Cantrips

   Spells                             Type                      Level
   a - Confusing Touch                Hexes                        1
   b - Animate Skeleton               Necromancy                   1
   c - Summon Small Mammal            Summoning                    1
   d - Apportation                    Translocation                1
Comestibles
 b - 3 bread rations
 i - 5 chunks of flesh
 k - a beef jerky
 l - a royal jelly


   Skills:
 - Level 0.7 Fighting
   Level 1.7 Short Blades
 + Level 2.6 Dodging
 - Level 2.3 Stealth
 * Level 2.4 Shields
 + Level 3.1 Spellcasting
 + Level 2.4 Conjurations
 + Level 1.2 Summonings
 + Level 1.8 Necromancy
 + Level 4.5 Fire Magic


You had 3 spell levels left.
You knew the following spells:

 Your Spells              Type           Power        Failure   Level  Hunger
a - Flame Tongue          Conj/Fire      ##...        8%          1    #......
b - Throw Flame           Conj/Fire      ##....       12%         2    ##.....
c - Sticky Flame          Conj/Fire      ##......     67%         4    #####..
d - Animate Skeleton      Necr           N/A          12%         1    #......
e - Summon Small Mammal   Summ           #...         17%         1    #......


Dungeon Overview and Level Annotations

Branches:
Dungeon (4/15)
 Temple: D:4-7

Altars:
Dithmenos
Hepliaklqana
Nemelex Xobeh
Uskayaw
Yredelemnul
Zin
The Shining One

Shops:
D:4 %

Annotations:
D:4 Pikel


Innate Abilities, Weirdness & Mutations

You can spit globs of acid.
You are resistant to acid.
Your golden yellow scales are hard. (AC +6)
You cannot fit into any form of body armour.
You are cold-blooded and may be slowed by cold attacks.
You are somewhat resistant to further mutation.


Message History

Pikel zaps a wand.
You resist with some effort.
You closely miss Pikel.
Pikel is heavily wounded.
Pikel hits you but does no damage.
The orc wizard looks braver for a moment.
Pikel zaps a wand.
You are blasted!
You sock Pikel!
Your tail-slap misses Pikel.
Pikel is almost dead.
Pikel zaps a wand.
You are blasted!
You completely miss Pikel.
Pikel is almost dead.
You have got your breath back.
You block Pikel's attack.
Pikel zaps a wand.
You are blasted!
You closely miss Pikel.
Pikel is almost dead.
Pikel closely misses you.
You barely miss Pikel.
Pikel is almost dead.
Pikel zaps a wand.
You are blasted!
You die...

###############.##
#........@Kppopo..
#####
#.####.####p###.#.
....# #.# #.# .#
###.# #.# #.# .#
#.# #.# #.# .#
###.## #.# #.# .#
≈≈...###.# #.# ..
≈≈≈......# #.# ##
∩≈≈..##### #.#


You could see Pikel, 4 slaves, an orc wizard and an orc.

Vanquished Creatures
  An ogre (D:4)
  2 bullfrogs (D:3)
  A howler monkey (D:4)
  2 orc wizards (D:3)
  Crazy Yiuf (D:3)
  Jessica (D:2)
  6 adders
  2 oozes
  2 worms
  3 dart slugs
  3 orcs (D:3)
  8 bats
  5 giant cockroaches
  5 goblins
  13 hobgoblins
  9 jackals
  3 quokkas
  A ball python (D:3)
  3 frilled lizards
  2 gnoll zombies (D:2)
  11 kobolds
  11 rats
95 creatures vanquished.

Vanquished Creatures (collateral kills)
  A worm (D:3)
1 creature vanquished.

Grand Total: 96 creatures vanquished

Notes
Turn   | Place    | Note
-------+----------+-------------------------------------------
     0 | D:1      | JeffiDaFish the Draconian Fire Elementalist began the quest for the Orb.
     0 | D:1      | Reached XP level 1. HP: 14/14 MP: 3/3
   251 | D:1      | Reached XP level 2. HP: 20/20 MP: 1/5
   317 | D:1      | Learned a level 2 spell: Throw Flame
   738 | D:1      | Reached XP level 3. HP: 25/26 MP: 4/6
  1231 | D:2      | Reached skill level 1 in Short Blades
  1413 | D:2      | Found a hide-covered altar of Uskayaw.
  1413 | D:2      | Found a shadowy altar of Dithmenos.
  1433 | D:2      | Reached XP level 4. HP: 15/34 MP: 0/7
  1676 | D:2      | Found a glowing silver altar of Zin.
  1677 | D:2      | Found a glowing golden altar of the Shining One.
  1678 | D:2      | Found a sparkling altar of Nemelex Xobeh.
  1678 | D:2      | Found a hazy altar of Hepliaklqana.
  1813 | D:2      | Learned a level 4 spell: Sticky Flame
  1890 | D:2      | Noticed Jessica
  1900 | D:2      | Killed Jessica
  1900 | D:2      | Reached skill level 4 in Fire Magic
  2169 | D:2      | Found a basalt altar of Yredelemnul.
  2461 | D:2      | Reached XP level 5. HP: 39/39 MP: 4/8
  2741 | D:3      | Learned a level 1 spell: Animate Skeleton
  2743 | D:3      | Learned a level 1 spell: Summon Small Mammal
  2777 | D:3      | Reached skill level 1 in Shields
  2918 | D:3      | Gained mutation: You are weak. (Str -2) [potion of mutation]
  2918 | D:3      | Lost mutation: You are weak. (Str -2) [potion of mutation]
  2918 | D:3      | Gained mutation: You are somewhat resistant to further mutation. [potion of mutation]
  3029 | D:3      | Found a runed door.
  3104 | D:3      | Noticed Crazy Yiuf
  3113 | D:3      | Killed Crazy Yiuf
  3113 | D:3      | Reached skill level 1 in Necromancy
  3273 | D:3      | Reached XP level 6. HP: 44/46 MP: 6/10
  3499 | D:3      | Reached skill level 1 in Summonings
  3638 | D:4      | Your scales start taking on a golden yellow colour.
  3638 | D:4      | Reached XP level 7. HP: 46/51 MP: 6/11
  3669 | D:4      | Found Keman's Food Shoppe.
  3688 | D:4      | Noticed Pikel
  3703 | D:4      | Blown up by Pikel

Skill      XL: |  1  2  3  4  5  6 |
---------------+-------------------+-----
Dodging        | 2 |  2.6
Stealth        | 2 |  2.3
Short Blades   | 1 |  1.7
Fire Magic     | 4 |  4.5
Shields        | 1 2 |  2.4
Conjurations   | 2 |  2.4
Necromancy     | 1 |  1.8
Spellcasting   | 3 |  3.1
Summonings     | 1 |  1.2
Fighting       | |  0.7

Action                   |  1- 3 |  4- 6 |  7- 9 || total
-------------------------+-------+-------+-------++-------
Melee: Unarmed           |     5 |       |       ||     5
       Short sword       |    68 |    70 |       ||   138
       Tailslap          |     6 |     4 |     2 ||    12
       Dagger            |     1 |       |       ||     1
       Flail             |       |     2 |    12 ||    14
 Cast: Flame Tongue      |    46 |    68 |       ||   114
       Throw Flame       |     2 |     9 |       ||    11
       Summon Small Mamm |       |     3 |       ||     3
       Animate Skeleton  |       |     2 |       ||     2
 Abil: Spit Acid         |       |       |     1 ||     1
  Use: Scroll            |     3 |     4 |       ||     7
       Potion            |     4 |     3 |       ||     7
 Stab: Sleeping          |       |     6 |       ||     6
  Eat: Chunk             |     3 |     8 |     1 ||    12
Armor: Skin              |    32 |    25 |     1 ||    58
Dodge: Dodged            |    53 |    39 |     6 ||    98
Block: Buckler           |       |     7 |     2 ||     9
